 Dungeon Crawl Stone Soup version 0.28.0-45-g0d030f2227 (webtiles) character file.

Game seed: 2017016358434171978

7393 Saba the Fighter (level 11, 0/71 HPs)
             Began as a Gargoyle Hunter on Apr 5, 2022.
             Was a High Priest of Okawaru.
             Slain by a red devil
             ... wielding a +0 trident
             ... summoned by a kobold demonologist
              (6 damage)
             ... on level 9 of the Dungeon.
             The game lasted 00:26:59 (12685 turns).

Saba the Fighter (Gargoyle Hunter)                 Turns: 12685, Time: 00:27:00

Health: 0/71       AC: 16    Str: 20    XL:     11   Next: 14%
Magic:  11/11      EV: 18    Int: 12    God:    Okawaru [*****.]
Gold:   257        SH:  0    Dex: 10    Spells: 10/10 levels left

rFire   . . .      SeeInvis .   a - +1 hand crossbow
rCold   + . .      Faith    .   (no shield)
rNeg    + + .      Spirit   .   p - +1 robe {rC+}
rPois   ∞          Reflect  .   l - +0 helmet
rElec   +          Harm     .   h - +0 cloak
rCorr   .          Rampage  .   (no gloves)
Will    .....                   m - +0 pair of boots
Stlth   +.........              C - amulet of magic regeneration
HPRegen 0.21/turn               j - +4 ring of evasion
MPRegen 0.52/turn               q - ring of positive energy

@: brilliant, spiked, flying
A: sickness immunity, AC +8, negative energy resistance 1, electricity
resistance, torment resistance 1, petrification resistance, big wings, hooves 1,
MP-powered wands
a: Renounce Religion, Heroism, Finesse, Duel


You were on level 9 of the Dungeon.
You worshipped Okawaru.
Okawaru was extremely pleased with you.
You visited 2 branches of the dungeon, and saw 11 of its levels.

You collected 257 gold pieces.

Inventory:

Hand Weapons
 a - a +1 hand crossbow (weapon)
 c - a +2 quarterstaff of chaos
 g - a +2 short sword of flaming
Missiles
 d - 118 bolts (quivered ammo)
 x - 3 throwing nets
Armour
 h - a +0 cloak (worn)
 l - a +0 helmet (worn)
 m - a +0 pair of boots (worn)
 p - a +1 robe of cold resistance (worn)
Jewellery
 j - a +4 ring of evasion (left hand)
 q - a ring of positive energy (right hand)
 t - a ring of wizardry
 y - a ring of magical power
 C - an amulet of magic regeneration (around neck)
Wands
 n - a wand of digging (5)
 u - a wand of iceblast (3)
 D - a wand of flame (10)
 F - a wand of polymorph (4)
Scrolls
 e - 9 scrolls of identify
 i - a scroll of amnesia
 k - 2 scrolls of enchant weapon
 r - a scroll of immolation {unknown}
 v - a scroll of enchant armour {unknown}
Potions
 b - a potion of berserk rage {unknown}
 o - a potion of mutation
 w - a potion of attraction
 z - a potion of cancellation


   Skills:
 + Level 9.5 Fighting
 + Level 9.4 Crossbows
 + Level 9.2 Armour
 + Level 7.3 Dodging
 - Level 1.1 Stealth


You had 10 spell levels left.
You didn't know any spells.
Your spell library contained the following spells:

 Spells                   Type           Power      Damage    Failure   Level
 Pain                     Necr           0%         1d4       32%         1
 Sting                    Tmut/Pois      0%         1d3       32%         1
 Corpse Rot               Necr/Air       0%         N/A       45%         2
 Poisonous Vapours        Pois/Air       0%         N/A       45%         2
 Cause Fear               Hex            0%         N/A       97%         4
 Olgreb's Toxic Radiance  Pois           0%         N/A       97%         4
 Agony                    Necr           0%         N/A       100%        5
 Excruciating Wounds      Necr           0%         N/A       100%        5
 Dragon Form              Tmut           0%         N/A       100%        7
 Dragon's Call            Summ           Unusable   N/A       N/A         9

Dungeon Overview and Level Annotations

Branches:
Dungeon (10/15)            Temple (1/1) D:4            Lair (0/6) D:9
    Orc: D:9-12

Altars:
Ashenzari
Cheibriados
Dithmenos
Elyvilon
Fedhas
Gozag
Hepliaklqana
Kikubaaqudgha
Makhleb
Nemelex Xobeh
Okawaru
Qazlal
Ru
Sif Muna
Trog
Uskayaw
Vehumet
Wu Jian
Xom
Yredelemnul
Zin
The Shining One


Innate Abilities, Weirdness & Mutations

You are immune to sickness and miasma.
Your stone body is resilient. (AC +8)
You are immune to poison.
You resist negative energy. (rN+)
You are resistant to electric shocks. (rElec)
You are resistant to unholy torment.
You are immune to petrification.
Your large and strong wings let you fly.
You have large cloven feet.
You expend magic power (3 MP) to strengthen your wands.


Message History

Okawaru accepts your kill. The red devil closely misses you.
Fire: 121 bolts
Press: ? - help, Q - select action, (/) - cycle Shift-Dir - straight line, f/p - kobold demonologist
Aim: a kobold demonologist, wielding a +0 dagger and wearing a +0 robe (purple smoke, 61% to hit)
You shoot a bolt. The bolt hits the kobold demonologist!
The kobold demonologist is heavily wounded.
The red devil hits you from afar with a +0 trident.
* * * LOW HITPOINT WARNING * * *
Barbed spikes become lodged in your body.
The kobold demonologist misses you.
Fire: 120 bolts
Press: ? - help, Q - select action, (/) - cycle Shift-Dir - straight line, f/p - kobold demonologist
Aim: a kobold demonologist, wielding a +0 dagger and wearing a +0 robe (heavily wounded, 61% to hit)
You shoot a bolt.
The bolt hits the kobold demonologist but does no damage.
The kobold demonologist is heavily wounded.
The red devil barely misses you.
The kobold demonologist barely misses you.
Fire: 119 bolts
Press: ? - help, Q - select action, (/) - cycle Shift-Dir - straight line, f/p - kobold demonologist
Aim: a kobold demonologist, wielding a +0 dagger and wearing a +0 robe (heavily wounded, 61% to hit)
You shoot a bolt. The bolt hits the kobold demonologist.
The kobold demonologist is heavily wounded.
The red devil hits you from afar with a +0 trident!
* * * LOW HITPOINT WARNING * * *
Barbed spikes become lodged in your body.
The kobold demonologist hits you with a +0 dagger.
* * * LOW HITPOINT WARNING * * *
It was a potion of flight.
You feel more buoyant. The red devil completely misses you.
The kobold demonologist barely misses you.
It was a potion of magic.
Magic courses through your body. The red devil closely misses you.
The kobold demonologist closely misses you.
It was a potion of brilliance.
You feel clever all of a sudden.
The red devil hits you from afar with a +0 trident.
You die...

######
#########....#
+...#...+....#
#...#...#....#
#..####'#....#
##+##..#.........###
#..##4.#............
#(.@K4)#............
#'###..'............
#.. ##+#............
#.. @...$..(.####'##
#.@ Y........#......
#.. .........#......
#.. .<.......###..##
### ##+####....#..#
#....#...


You could see a kobold demonologist, a chaos spawn (summoned) and a red devil
(summoned).

Vanquished Creatures
  Harold (D:7)
  Pikel (D:5)
  A deep elf zephyrmancer (D:8)
  Maurice (D:9)
  2 kobold demonologists (D:9)
  A troll (D:9)
  A hornet (D:7)
  Prince Ribbit (D:5)
  Sigmund (D:4)
  2 wyverns
  4 yaks (D:9)
  A water moccasin (D:8)
  2 orc warriors
  4 black bears
  2 sky beasts
  2 ice beasts
  3 ogres
  3 centaurs
  A lemure (D:5)
  A bullfrog (D:9)
  2 kobold brigands (D:9)
  4 scorpions
  7 killer bees
  2 electric eels (D:10)
  2 howler monkeys (D:7)
  A hound (D:4)
  4 centaur zombies
  3 jellies
  4 orc priests
  Crazy Yiuf (D:4)
  2 centaur skeletons
  3 iguanas
  7 orc wizards
  A hound skeleton (D:2)
  2 howler monkey zombies
  4 gnolls (D:4)
  2 adders
  An ufetubus (D:4)
  2 worms
  2 dart slugs
  27 orcs
  5 ball pythons
  6 endoplasms
  A giant cockroach (D:3)
  10 hobgoblins
  8 jackals
  13 kobolds
  A quokka (D:1)
  3 bats
  15 goblins
  3 rats (D:1)
183 creatures vanquished.

Notes
Turn   | Place    | Note
-------+----------+-------------------------------------------
     0 | D:1      | Saba the Gargoyle Hunter began the quest for the Orb.
     0 | D:1      | Reached XP level 1. HP: 12/12 MP: 1/1
   707 | D:1      | Reached XP level 2. HP: 18/18 MP: 2/2
  1344 | D:1      | Reached skill level 1 in Armour
  1680 | D:2      | Reached XP level 3. HP: 18/22 MP: 3/3
  2529 | D:2      | Reached XP level 4. HP: 27/27 MP: 4/4
  3472 | D:3      | Found a faded altar of an unknown god.
  3554 | D:3      | Noticed an ogre
  3562 | D:3      | Killed an ogre
  3563 | D:3      | Reached XP level 5. HP: 32/32 MP: 5/5
  3755 | D:4      | Found a staircase to the Ecumenical Temple.
  3779 | Temple   | Entered the Ecumenical Temple
  4075 | Temple   | Became a worshipper of Warmaster Okawaru
  4125 | D:4      | Noticed a black bear
  4138 | D:4      | Killed a black bear
  4139 | D:4      | Reached skill level 5 in Crossbows
  4139 | D:4      | Reached XP level 6. HP: 29/38 MP: 6/6
  4530 | D:4      | Reached * piety under Okawaru
  4589 | D:4      | Reached XP level 7. HP: 32/43 MP: 7/7
  5012 | D:4      | Noticed Sigmund
  5263 | D:4      | Found a runed translucent door.
  5264 | D:4      | Noticed Crazy Yiuf
  5353 | D:4      | Killed Crazy Yiuf
  5515 | D:4      | Killed Sigmund
  5530 | D:5      | Entered Level 5 of the Dungeon
  5530 | D:5      | Noticed Pikel
  5559 | D:5      | Killed Pikel
  5560 | D:5      | Reached skill level 5 in Fighting
  5560 | D:5      | Reached skill level 5 in Armour
  5560 | D:5      | Reached XP level 8. HP: 17/50 MP: 8/8
  5767 | D:5      | Noticed Prince Ribbit
  5783 | D:5      | Killed Prince Ribbit
  6079 | D:5      | Reached ** piety under Okawaru
  6824 | D:6      | Reached XP level 9. HP: 56/56 MP: 9/9
  6896 | D:6      | Reached skill level 5 in Dodging
  6972 | D:6      | Found a hide-covered altar of Uskayaw.
  7930 | D:7      | Reached *** piety under Okawaru
  8229 | D:7      | Noticed Harold
  9196 | D:7      | Noticed a hornet
  9198 | D:7      | Killed Harold
  9198 | D:7      | Received a gift from Okawaru
  9199 | D:7      | Reached XP level 10. HP: 41/64 MP: 10/10
 10210 | D:8      | Reached **** piety under Okawaru
 10439 | D:8      | Noticed a deep elf zephyrmancer
 10443 | D:8      | Killed a deep elf zephyrmancer
 11139 | D:9      | Found a staircase to the Lair.
 11140 | D:9      | Found a flagged portal.
 11330 | D:10     | Entered Level 10 of the Dungeon
 11520 | D:10     | Received a gift from Okawaru
 12453 | D:9      | Noticed a kobold demonologist
 12453 | D:9      | Noticed a kobold demonologist
 12549 | D:9      | Noticed Maurice
 12631 | D:9      | Reached ***** piety under Okawaru
 12638 | D:9      | Gained mutation: You expend magic power (3 MP) to
                  | strengthen your wands. [potion of mutation]
 12638 | D:9      | Gained mutation: You have large cloven feet. [potion of
                  | mutation]
 12638 | D:9      | Gained mutation: Your large and strong wings let you fly.
                  | [potion of mutation]
 12639 | D:9      | Received a gift from Okawaru
 12640 | D:9      | Reached XP level 11. HP: 23/71 MP: 11/11
 12656 | D:9      | Killed Maurice
 12685 | D:9      | Slain by a red devil

Illustrated notes

Levels and vault maps discovered:
D:1:      heliophobic_arrival_enchanted_forest, layout_loops_cross,
          solitary_fountain
D:2:      layout_loops_cross, kennysheep_generic_room_5
D:3:      layout_loops_ring, basic_ecumenical_altar, minmay_goblin_outpost
D:4:      minmay_general_purpose_star, layout_basic, temple_pool_b,
          palyth_stone_intersect, uniq_crazy_yiuf_cottage, uniq_sigmund
D:5:      layout_loops_ring, uniq_prince_ribbit1, uniq_pikel
D:6:      layout_basic, mainiacjoe_overflow_brackets
D:7:      layout_basic, uniq_harold
D:8:      layout_loops_ring, guppyfry_early_elven_hall
D:9:      layout_gridville, lair_entry_dummy, enter_bailey_5, uniq_maurice
D:10:     layout_rooms, erik_orc_2
Temple:   regret_index_temple_sigil_plot

Skill      XL: |  1  2  3  4  5  6  7  8  9 10 11 |
---------------+----------------------------------+-----
Armour         | 1 2 3 5 7 8 9 |  9.2
Dodging        | 2 3 4 6 7 |  7.3
Fighting       | 3 4 5 6 7 9 |  9.5
Crossbows      | 5 6 7 8 9 |  9.4
Stealth        | |  1.1

Action                   |  1- 3 |  4- 6 |  7- 9 | 10-12 || total
-------------------------+-------+-------+-------+-------++-------
Melee: Dagger            |   119 |   136 |   157 |   288 ||   700
       Short sword       |     8 |       |       |    14 ||    22
       Punch             |       |     2 |     3 |     9 ||    14
       Quarterstaff      |       |       |    45 |       ||    45
 Fire: Hand crossbow     |       |     2 |    38 |    61 ||   101
Throw: Throwing net      |       |       |     1 |       ||     1
Evoke: Wand              |       |     2 |     3 |    12 ||    17
  Use: Potion            |       |     1 |     8 |     4 ||    13
       Scroll            |       |       |    14 |     1 ||    15
 Stab: Sleeping          |     1 |       |     1 |       ||     2
       Paralysed         |       |       |     1 |       ||     1
Armor: Leather armour    |    23 |       |       |       ||    23
       Ring mail         |     6 |    53 |     6 |       ||    65
       Skin              |       |    14 |     4 |    15 ||    33
       Robe              |       |       |    70 |   128 ||   198
Dodge: Dodged            |    98 |   131 |   175 |   326 ||   730
